 Dungeon Crawl Stone Soup version 0.32-a0-995-gb4a59205af (webtiles) character file.

Game seed: 7908773026978361386

11943 freelancePsychic the Thaumaturge (level 12, -3/92 HPs)
             Began as a Djinni Fire Elementalist on Apr 22, 2024.
             Was a Priest of Makhleb.
             Slain by a warg (18 damage)
             ... on level 10 of the Dungeon.
             The game lasted 00:20:29 (11379 turns).

freelancePsychic the Thaumaturge (DjFE)            Turns: 11379, Time: 00:20:30

Health: -3/92      AC: 12    Str:  7    XL:     12   Next: 14%
Gold:   383        EV: 12    Int: 26    God:    Makhleb [***...] SH:  0 Dex: 21

rFire   + + .        A - +4 trident (vamp)
rCold   x . .        (no shield)
rNeg    . . .        B - +0 steam dragon scales
rPois   ∞            (no helmet)
rElec   .            E - +0 cloak
rCorr   .            (no gloves)
SInv    .            (boots unavailable)
Will    +....        (no amulet)
Stlth   ++           k - ring "Tual" {Int+6 Dex+5}
HPRegen 0.35/turn    z - +4 ring of protection

%: infuse magic (-4 HP)
@: flying, studying Armour
A: sickness immunity, fire resistance 2, cold vulnerability 1, float, innate
caster, HP casting, extra vitality 1
a: Renounce Religion, Minor Destruction, Lesser Servant of Makhleb


You were on level 10 of the Dungeon.
You worshipped Makhleb.
Makhleb was most pleased with you.
You visited 2 branches of the dungeon, and saw 12 of its levels.

You collected 433 gold pieces.
You spent 50 gold pieces at shops.

Inventory:

Hand Weapons
 A - a +4 vampiric trident (weapon)
Missiles
 u - a throwing net
Armour
 a - a +0 robe
 e - a +0 leather armour
 r - a +0 kite shield
 B - +0 steam dragon scales (worn)
 E - a +0 cloak (worn)
Magical Staves
 d - a staff of death
Jewellery
 k - the ring "Tual" (left hand) {Int+6 Dex+5}
   (You found it on level 2 of the Dungeon)

   [ring of intelligence]

   Int+6:     It affects your intelligence (+6).
   Dex+5:     It affects your dexterity (+5).
 z - a +4 ring of protection (right hand)
Wands
 H - a wand of mindburst (10)
 J - a wand of charming (3)
Scrolls
 b - 3 scrolls of revelation {unknown}
 f - 3 scrolls of noise
 g - 2 scrolls of enchant armour
 h - a scroll of blinking {unknown}
 i - 5 scrolls of vulnerability
 o - a scroll of fear {unknown}
 p - 5 scrolls of teleportation {unknown}
 q - a scroll of amnesia {unknown}
 t - 3 scrolls of fog {unknown}
 v - 3 scrolls of identify {@r1}
 y - 2 scrolls of summoning {unknown}
 D - a scroll of enchant weapon {unknown}
 I - 2 scrolls of silence {unknown}
 K - a scroll of torment {unknown}
 L - a scroll of poison {unknown}
Potions
 c - a potion of haste {unknown}
 j - 3 potions of brilliance {unknown}
 l - 2 potions of enlightenment {unknown}
 m - 5 potions of curing {unknown}
 s - 2 potions of ambrosia {unknown}
 w - a potion of invisibility {unknown}
 x - 3 potions of lignification {unknown}
 C - a potion of degeneration {unknown}
 F - 3 potions of mutation {unknown}
 G - a potion of attraction {unknown}


   Skills:
 + Level 10.5 Fighting
 + Level 7.4 Armour
 - Level 2.1 Dodging
 - Level 1.5 Stealth
 + Level 11.7 Spellcasting
 + Level 11.7 Conjurations
 + Level 11.7 Hexes
   Level 0.0 Charms
 + Level 11.7 Summonings
 + Level 11.7 Necromancy
 + Level 11.7 Translocations
   Level 0.0 Transmutations
 + Level 11.7 Fire Magic
 + Level 11.7 Ice Magic
 + Level 11.7 Air Magic
 + Level 11.7 Earth Magic
 + Level 11.7 Alchemy


You knew the following spells:

 Your Spells              Type           Power      Damage    Failure   Level
a - Foxfire               Conj/Fire      100%       2x1d9     1%          1
b - Scorch                Fire           100%       2d9       1%          2
c - Inner Flame           Hex/Fire       66%        N/A       1%          3
d - Volatile Blastmotes   Fire/Tloc      100%       2d18      1%          3
e - Flame Wave            Conj/Fire      66%        2d15      1%          4
f - Magic Dart            Conj           100%       1d8       1%          1
g - Static Discharge      Conj/Air       100%       3-8/arc   1%          2
h - Passwall              Erth           66%        N/A       1%          3
i - Leda's Liquefaction   Alch/Erth      33%        N/A       1%          4
j - Anguish               Hex/Necr       33%        N/A       1%          4
Your spell library was empty.

Dungeon Overview and Level Annotations

Branches:
Dungeon (11/15)            Temple (1/1) D:6             Orc (0/2) D:11
   Lair: D:8-11

Altars:
Ashenzari
Cheibriados
Dithmenos
Elyvilon
Fedhas
Gozag
Hepliaklqana
Makhleb
Nemelex Xobeh
Okawaru
Qazlal
Ru
Trog
Uskayaw
Wu Jian
Xom
Yredelemnul
Zin
The Shining One

Shops:
D:1 *   D:4 =:!   D:7 ?   D:11 ([

Annotations:
D:10 exclusion: centaur, Fannar


Innate Abilities, Weirdness & Mutations

You are immune to sickness and miasma.
You are immune to poison.
Your flesh is very heat resistant. (rF++)
You are vulnerable to cold. (rC-)
You float through the air rather than walking.
You learn spells naturally, not from books.
Your magical power is your life essence.
You have superior vitality. (+4 MHP)


Message History

You feel much better. The warg barely misses you. The warg bites you!
* * * LOW HITPOINT WARNING * * *
The orc priest barely misses you.
Okay, then.
Unknown command.
Unknown command.
Unknown command.
Unknown command.
Unknown command.
Unknown command.
Unknown command.
Unknown command.
Unknown command.
Unknown command.
Unknown command.
Unknown command.
Unknown command.
Unknown command.
Unknown command.
Unknown command.
Unknown command.
Unknown command.
Unknown command.
Unknown command.
Unknown command.
Casting: Scorch (safe; 1% risk of failure)
Confirm with . or Enter, or press ? or * to list all spells.
Casting: Flame Wave (safe; 1% risk of failure)
Press: ? - help, Dir - look around, f - activate A wave of flame ripples out!
The flame wave engulfs the orc priest!!
The orc priest is burned terribly!
You kill the orc priest!
Makhleb accepts your kill.
You feel better.
The flame wave engulfs the warg!!
The warg is burned terribly!
The warg is almost dead. (Press . to intensify the flame waves.)
* * * LOW HITPOINT WARNING * * *
You hear a shout!
The warg bites you!!
You die...

#.....#..♣P♣~≈≈≈≈≈≈≈~~~
#.....#...♣~~≈≈≈≈≈≈≈≈~~
#.....'..♣♣P≈≈≈≈≈≈≈≈≈~♣
############.####♣♣~~P≈≈≈≈≈≈~~~
##....##.####.##..♣♣~~~~≈≈≈≈≈~~♣
#.....#............P~P~~≈≈~≈♣~P♣
#.....#............~♣♣~~≈~~~~~♣~
#.....#........)...♣~~♣~PP~♣~P♣.
##.##.##..###..@###♣♣P~~P~~~♣P♣♣
####.##..###..h####~♣~~~~~~~~♣♣
#............'...♣P~P~~♣~P♣~.
#............#...♣♣~♣~~~~♣♣♣.
#............#....#♣~~P~♣♣♣..
##.##..##.##+####.##♣P~♣~+###
####..##<##.####.##....#....
#.......#.................
#.......#.........#.......


You could see a warg (combustible).

Vanquished Creatures
  3 two-headed ogres
  A cyclops (D:8)
  Jeremiah (D:6)
  A troll (D:11)
  A hornet (D:10)
  Grinder (D:3)
  A vampire (D:11)
  A wraith (D:9)
  A wyvern (D:10)
  17 yaks
  4 humans (D:9)
  2 steam dragons (D:6)
  A water moccasin (D:5)
  4 orc warriors
  2 ice beasts
  3 black bears
  3 ogres
  A sky beast (D:7)
  3 wolves
  2 centaurs
  2 kobold brigands
  4 phantoms
  6 bullfrogs
  A gnoll sergeant (D:8)
  10 wights
  A scorpion (D:7)
  11 killer bees (D:9)
  5 howler monkeys
  3 electric eels (D:10)
  5 hounds
  10 orc priests
  2 jellies
  A gnoll bouda (D:5)
  3 iguanas
  12 orc wizards
  3 sleepcaps
  23 gnolls
  7 adders
  4 white imps (D:9)
  A howler monkey simulacrum (D:9)
  3 ufetubi
  4 dart slugs
  5 ribbon worms
  29 orcs
  7 endoplasms
  3 giant cockroaches
  10 goblins
  7 hobgoblins
  2 jackals (D:1)
  3 quokkas
  9 ball pythons
  7 bats
  5 frilled lizards
  16 kobolds
  8 rats
285 creatures vanquished.

Vanquished Creatures (others)
  79 foxfires
79 creatures vanquished.

Grand Total: 364 creatures vanquished

Notes
Turn   | Place    | Note
-------+----------+-------------------------------------------
     0 | D:1      | freelancePsychic the Djinni Fire Elementalist began the
                  | quest for the Orb.
     0 | D:1      | freelancePsychic set off with the following spells
                  | memorised: Foxfire, Scorch, Volatile Blastmotes, Inner
                  | Flame, Flame Wave.
     0 | D:1      | Reached XP level 1. HP: 15/15 MP: 0/0
   102 | D:1      | Reached XP level 2. HP: 19/22 MP: 0/0
   304 | D:1      | Reached skill level 1 in Fighting
   383 | D:1      | Found Naank's General Store.
   396 | D:1      | Reached XP level 3. HP: 25/27 MP: 0/0
   396 | D:1      | Learned a level 1 spell: Magic Dart
   940 | D:2      | Found a faded altar of an unknown god.
  1189 | D:2      | Reached XP level 4. HP: 29/32 MP: 0/0
  1580 | D:2      | Identified the ring "Tual" {Int+6 Dex+5}
  1817 | D:1      | Bought a potion of heal wounds for 50 gold pieces
  2090 | D:3      | Reached XP level 5. HP: 32/38 MP: 0/0
  2090 | D:3      | Learned a level 2 spell: Static Discharge
  2472 | D:3      | Noticed a phantom
  2496 | D:3      | Killed a phantom
  2497 | D:3      | Reached XP level 6. HP: 39/45 MP: 0/0
  2508 | D:3      | Noticed Grinder
  2519 | D:3      | Killed Grinder
  2520 | D:3      | Reached skill level 5 in Spellcasting
  2520 | D:3      | Reached skill level 5 in Conjurations
  2520 | D:3      | Reached skill level 5 in Hexes
  2520 | D:3      | Reached skill level 5 in Summonings
  2520 | D:3      | Reached skill level 5 in Necromancy
  2520 | D:3      | Reached skill level 5 in Translocations
  2520 | D:3      | Reached skill level 5 in Fire Magic
  2520 | D:3      | Reached skill level 5 in Ice Magic
  2520 | D:3      | Reached skill level 5 in Air Magic
  2520 | D:3      | Reached skill level 5 in Earth Magic
  2520 | D:3      | Reached skill level 5 in Alchemy
  2520 | D:3      | Reached XP level 7. HP: 32/50 MP: 0/0
  2520 | D:3      | Learned a level 3 spell: Passwall
  2849 | D:4      | Found Hiunaf's Book Emporium.
  2974 | D:4      | Found Foiq Tya's Jewellery Shop.
  3154 | D:4      | Found Xekkeiwnif's Distillery.
  3780 | D:5      | Entered Level 5 of the Dungeon
  3841 | D:5      | Reached XP level 8. HP: 54/58 MP: 0/0
  4045 | D:5      | Reached skill level 5 in Fighting
  4547 | D:5      | Reached XP level 9. HP: 61/66 MP: 0/0
  4547 | D:5      | Learned a level 4 spell: Leda's Liquefaction
  5123 | D:6      | Found a staircase to the Ecumenical Temple.
  5165 | Temple   | Entered the Ecumenical Temple
  5291 | Temple   | Became a worshipper of Makhleb the Destroyer
  5332 | D:6      | Noticed Jeremiah
  5341 | D:6      | Killed Jeremiah
  6142 | D:7      | Reached XP level 10. HP: 71/75 MP: 0/0
  6237 | D:7      | Identified the beast talisman of the Blue Skies {rN+ MP+9
                  | Int+2}
  6576 | D:7      | Reached * piety under Makhleb
  6748 | D:7      | Found The Oracle's Delphic Readings.
  7484 | D:8      | Noticed a two-headed ogre
  7491 | D:8      | Killed a two-headed ogre
  7492 | D:8      | Reached skill level 10 in Spellcasting
  7492 | D:8      | Reached skill level 10 in Conjurations
  7492 | D:8      | Reached skill level 10 in Hexes
  7492 | D:8      | Reached skill level 10 in Summonings
  7492 | D:8      | Reached skill level 10 in Necromancy
  7492 | D:8      | Reached skill level 10 in Translocations
  7492 | D:8      | Reached skill level 10 in Fire Magic
  7492 | D:8      | Reached skill level 10 in Ice Magic
  7492 | D:8      | Reached skill level 10 in Air Magic
  7492 | D:8      | Reached skill level 10 in Earth Magic
  7492 | D:8      | Reached skill level 10 in Alchemy
  7496 | D:8      | Noticed a two-headed ogre
  7502 | D:8      | Killed a two-headed ogre
  7831 | D:8      | Reached XP level 11. HP: 68/82 MP: 0/0
  7831 | D:8      | Learned a level 4 spell: Anguish
  7996 | D:8      | Reached ** piety under Makhleb
  8385 | D:8      | Noticed a cyclops
  8389 | D:8      | Killed a cyclops
  8715 | D:8      | Found a glowing golden altar of the Shining One.
  8716 | D:8      | Found a snail-covered altar of Cheibriados.
  8717 | D:8      | Found a hide-covered altar of Uskayaw.
  8717 | D:8      | Found a hazy altar of Hepliaklqana.
  8718 | D:8      | Found a stormy altar of Qazlal.
  8720 | D:8      | Found a shimmering altar of Xom.
  8865 | D:9      | Reached skill level 1 in Armour
  9309 | D:9      | Noticed a two-headed ogre
  9313 | D:9      | Killed a two-headed ogre
  9440 | D:9      | Reached skill level 5 in Armour
  9885 | D:9      | Reached skill level 10 in Fighting
 10195 | D:10     | Entered Level 10 of the Dungeon
 10198 | D:10     | Reached *** piety under Makhleb
 10310 | D:9      | Reached XP level 12. HP: 67/91 MP: 0/0
 10401 | D:10     | Found a sparkling altar of Nemelex Xobeh.
 10723 | D:10     | Noticed Fannar
 11062 | D:11     | Found Yckuamp's Weapon Shop.
 11064 | D:11     | Found a staircase to the Orcish Mines.
 11066 | D:11     | Found Fylopo Nera's Armour Shop.
 11085 | D:11     | Noticed a two-headed ogre
 11379 | D:10     | Slain by a warg

Illustrated notes

Levels and vault maps discovered:
D:1:      moated_graveyard_arrival, layout_basic, serial_shops,
          nicolae_shop_behind_doors, minmay_misc_feat_tiny, minivault_19
D:2:      minmay_spotlight, layout_basic, nicolae_ecumenical_pavilion
D:3:      layout_basic, uniq_grinder
D:4:      layout_cave_pods, serial_shops, nicolae_shop_getting_attention,
          nicolae_shop_rolling_square, shop, wad_floor_pattern_untrapped,
          minmay_manual_mail
D:5:      layout_basic, serial_bayou, serial_bayou_lagoon_a,
          serial_bayou_lagoon_b, serial_bayou_pond_b, serial_bayou_pond_e,
          minmay_a_box_with_orc_wizards_in_it
D:6:      layout_basic, minmay_temple_entry_gardened_gates, uniq_jeremiah
D:7:      layout_basic, nicolae_nh_oracle_at_delphi
D:8:      layout_gridville, minitemple, nicolae_fountain_basement
D:9:      layout_irregular_city, serial_ice, serial_ice_o, serial_ice_f,
          serial_ice_e, serial_ice_h, serial_ice_a, minmay_ruffians
D:10:     layout_gridville, nicolae_overflow_crystal_walls, grunt_ministairs_15,
          serial_bayou_lake_a, uniq_fannar
D:11:     layout_basic, erik_lair_orcish_takeover, orc_david_3,
          eino_house_with_fridge
Temple:   dpeg_chambers_temple

Skill      XL: |  1  2  3  4  5  6  7  8  9 10 11 12 |
---------------+-------------------------------------+-----
Fighting       | 1 2 3 4 5 7 8 10 | 10.5
Spellcasting   | 4 5 6 7 9 10 11 | 11.7
Conjurations   | 4 5 6 7 9 10 11 | 11.7
Hexes          | 4 5 6 7 9 10 11 | 11.7
Summonings     | 4 5 6 7 9 10 11 | 11.7
Necromancy     | 4 5 6 7 9 10 11 | 11.7
Translocations | 4 5 6 7 9 10 11 | 11.7
Fire Magic     | 4 5 6 7 9 10 11 | 11.7
Ice Magic      | 4 5 6 7 9 10 11 | 11.7
Air Magic      | 4 5 6 7 9 10 11 | 11.7
Earth Magic    | 4 5 6 7 9 10 11 | 11.7
Alchemy        | 4 5 6 7 9 10 11 | 11.7
Armour         | 6 7 |  7.4
Dodging        | |  2.1
Stealth        | |  1.5

Action                     |  1- 3 |  4- 6 |  7- 9 | 10-12 || total
---------------------------+-------+-------+-------+-------++-------
  Melee: Staff             |       |       |     1 |       ||     1
         Trident           |       |       |       |    38 ||    38
   Cast: Foxfire           |    16 |       |    16 |    17 ||    49
         Scorch            |    38 |    42 |   126 |   124 ||   330
         Volatile Blastmot |       |     3 |     1 |     1 ||     5
         Inner Flame       |       |     1 |    26 |    62 ||    89
         Flame Wave        |       |       |     2 |    14 ||    16
    Use: Scroll            |     1 |     1 |     1 |       ||     3
         Potion            |       |       |     1 |     1 ||     2
   Stab: Sleeping          |       |       |       |     2 ||     2
 Armour: Robe              |     5 |       |       |       ||     5
         Leather armour    |     2 |     5 |    45 |       ||    52
         Steam dragon scal |       |       |     2 |   130 ||   132
  Dodge: Dodged            |     6 |     6 |    45 |    76 ||   133

Table legend: (Time is in decaauts)
 A = Elapsed time spent in this place.
 B = Non-inter-level travel time spent in this place.
 C = Inter-level travel time spent in this place.
 D = Time resting spent in this place.
 E = Time spent auto-exploring this place.
 F = Levels seen in this place.
 G = Mean time per level.
                   A        B        C        D        E       F      G
               +--------+--------+--------+--------+--------+-----+--------+
         Total |  11396 |  10790 |    606 |    509 |   8772 |  12 |  949.7 |
       Dungeon |  11256 |  10662 |    594 |    509 |   8659 |  11 | 1023.3 |
        Temple |    139 |    127 |     12 |      0 |    113 |   1 |  139.0 |
               +--------+--------+--------+--------+--------+-----+--------+

Top non-repeatable levels by time:
     D:9: 1535 daAuts
     D:8: 1401 daAuts
     D:5: 1322 daAuts
     D:7: 1309 daAuts
     D:2: 1081 daAuts
     D:1: 994 daAuts
     D:4: 962 daAuts
    D:10: 925 daAuts
     D:6: 893 daAuts
     D:3: 741 daAuts
  Temple: 139 daAuts
    D:11: 88 daAuts
